 Dungeon Sprint DCSS version 0.23.1 (webtiles) character file.

Game seed: 8068503363158330097

60 wilfster70 the Sneak (level 4, -4/21 HPs)
             Began as a Vine Stalker Enchanter on Mar 7, 2019.
             Killed by divine providence
             ... invoked by an oklob sapling priest
              (11 damage)
             ... in the Dungeon (Sprint IV: "Fedhas' Mad Dash").
             The game lasted 00:01:25 (389 turns).

wilfster70 the Sneak (Vine Stalker Enchanter)        Turns: 389, Time: 00:01:27

Health: -4/21      AC: -2    Str: 10    XL:     4   Next: 4%
Magic:  0/11       EV: 12    Int: 16    God:
Gold:   35         SH:  0    Dex: 15    Spells: 6/12 levels left

rFire    . . .     SeeInvis .   a - +1 dagger
rCold    . . .     Gourm    .   (no shield)
rNeg     . . .     Faith    .   b - +0 robe
rPois    .         Spirit   +   (no helmet)
rElec    .         Reflect  .   (no cloak)
rCorr    .         Harm     .   (no gloves)
MR       .....     NoTele   +   (no boots)
Stlth    ++++......             l - amulet of invisibility {+Inv}
HPRegen  0.47/turn              k - ring of stealth
MPRegen  0.12/turn              (no ring)

@: corroded, very slightly contaminated
A: fangs 2, regeneration 1, magic shield, antimagic bite, no potion heal 3, rot
immunity
a: Evoke Invisibility


You were in the Dungeon.
You were not hungry.

You visited 1 branch You collected 35 gold pieces.

Inventory:

Hand Weapons
 a - a +1 dagger (weapon)
Armour
 b - a +0 robe (worn)
Jewellery
 k - a ring of stealth (left hand)
 l - the amulet of invisibility (around neck) {+Inv}
   (You found it in the Dungeon)

   [amulet of nothing]

   It lets you turn invisible.
Scrolls
 c - a scroll of identify {unknown}
Potions
 e - a potion of curing
 f - a potion of heal wounds
 g - a potion of haste
 h - 2 potions of magic
 i - a potion of berserk rage
Comestibles
 d - a ration


   Skills:
 - Level 0.8 Short Blades
 - Level 1.5 Dodging
 + Level 6.7 Stealth
 + Level 4.8 Spellcasting
 + Level 5.2 Hexes
 + Level 0.0 Evocations


You had 6 spell levels left.
You knew the following spells:

 Your Spells              Type           Power        Failure   Level  Hunger
a - Corona                Hex            ###....      1%          1    None
b - Ensorcelled Hibernat  Hex/Ice        ##....       9%          2    ##.....
c - Confuse               Hex            ###.....     5%          3    ###....

Your spell library contained the following spells:

 Spells                   Type           Power        Failure   Level  Hunger
 Tukima's Dance           Hex            ###.....     5%          3    ###....
 Dazzling Spray           Conj/Hex       ##....       16%         3    ###....


Dungeon Overview and Level Annotations

Branches:
Dungeon (1/1)

Altars:
Cheibriados
Dithmenos
Elyvilon
Gozag
Hepliaklqana
Kikubaaqudgha
Makhleb
Nemelex Xobeh
Okawaru
Qazlal
Ru
Sif Muna
Trog
Uskayaw
Vehumet
Wu Jian
Xom
Yredelemnul
Zin
The Shining One
Beogh
Jiyva
Lugonu

Annotations:
D exclusion: oklob sapling


Innate Abilities, Weirdness & Mutations

You have extremely sharp teeth.
Your natural rate of healing is unusually fast.
When hurt, damage is shared between your health and your magic reserves.
Your bite disrupts and absorbs the magic of your enemies.
Potions cannot restore your health.
You are immune to rotting.


Message History

You hit the oklob sapling priest but do no damage.
You bite the oklob sapling priest, but do no damage.
The oklob sapling priest is almost destroyed.
You hit the oklob sapling priest but do no damage.
The oklob sapling priest is almost destroyed.
You hit the oklob sapling priest but do no damage.
You bite the oklob sapling priest, but do no damage.
The oklob sapling priest is almost destroyed.
You hit the oklob sapling priest but do no damage.
You bite the oklob sapling priest, but do no damage.
The oklob sapling priest is almost destroyed.
The oklob sapling priest spits acid at you.
The splash of acid hits you! The acid corrodes you!
You are splashed with acid!
You hit the oklob sapling priest but do no damage.
You bite the oklob sapling priest, but do no damage.
The oklob sapling priest is almost destroyed.
The oklob sapling priest mumbles some strange prayers to its god against you.
Something smites you!
Ouch! That really hurt!
You die...

########################
....#.....#.⌠._._._._.⌠.
....'.#.).'.._._._._._..
....#.#...#..._.@P_._...
########+##.._._._._._..
#._._._._._.⌠.
##############


You could see an oklob sapling priest.

Vanquished Creatures
  An oklob sapling (D)
  A worker ant (D)
  A river rat (D)
  A rat (D)
4 creatures vanquished.

Notes
Turn   | Place    | Note
-------+----------+-------------------------------------------
     0 | D        | wilfster70 the Vine Stalker Enchanter began the quest for
                  | the Orb.
     0 | D        | Reached XP level 1. HP: 9/9 MP: 4/4
    25 | D        | Reached skill level 4 in Stealth
    25 | D        | Reached XP level 2. HP: 2/13 MP: 2/7
   300 | D        | Learned a level 2 spell: Ensorcelled Hibernation
   307 | D        | Noticed an oklob sapling
   311 | D        | Killed an oklob sapling
   311 | D        | Reached skill level 6 in Stealth
   311 | D        | Reached XP level 3. HP: 16/16 MP: 7/9
   314 | D        | Reached skill level 5 in Hexes
   314 | D        | Gained mutation: Your natural rate of healing is unusually
                  | fast. [Vine Stalker growth]
   314 | D        | Reached XP level 4. HP: 21/21 MP: 3/11
   319 | D        | Learned a level 3 spell: Confuse
   321 | D        | Found the amulet of invisibility {+Inv}
   380 | D        | Found an opulent altar of Gozag.
   380 | D        | Found a hazy altar of Hepliaklqana.
   380 | D        | Found a burning altar of Makhleb.
   380 | D        | Found a roughly hewn altar of Beogh.
   380 | D        | Found a sparkling altar of Nemelex Xobeh.
   380 | D        | Found a snail-covered altar of Cheibriados.
   380 | D        | Found a sacrificial altar of Ru.
   380 | D        | Found a deep blue altar of Sif Muna.
   380 | D        | Found a shimmering altar of Xom.
   380 | D        | Found a basalt altar of Yredelemnul.
   381 | D        | Found a viscous altar of Jiyva.
   381 | D        | Found a bloodstained altar of Trog.
   381 | D        | Found an ornate altar of the Wu Jian Council.
   381 | D        | Noticed an oklob sapling priest
   382 | D        | Found an iron altar of Okawaru.
   382 | D        | Found a glowing silver altar of Zin.
   382 | D        | Found a shadowy altar of Dithmenos.
   383 | D        | Found a stormy altar of Qazlal.
   383 | D        | Found a hide-covered altar of Uskayaw.
   383 | D        | Found an ancient bone altar of Kikubaaqudgha.
   383 | D        | Found a radiant altar of Vehumet.
   383 | D        | Found a corrupted altar of Lugonu.
   383 | D        | Found a glowing golden altar of the Shining One.
   383 | D        | Found a white marble altar of Elyvilon.
   389 | D        | Killed from afar by an oklob sapling priest

Skill      XL: |  1  2  3 |
---------------+----------+-----
Stealth        | 4 6 |  6.7
Spellcasting   | 3 4 |  4.8
Hexes          | 4 5 |  5.2
Short Blades   | |  0.8
Dodging        | |  1.5

Action                   |  1- 3 |  4- 6 || total
-------------------------+-------+-------++-------
Melee: Dagger            |    18 |     6 ||    24
       Bite              |     4 |     4 ||     8
 Cast: Ensorcelled Hiber |     1 |       ||     1
  Use: Scroll            |       |     1 ||     1
 Stab: Sleeping          |     2 |     1 ||     3
Armor: Robe              |     1 |       ||     1
Dodge: Dodged            |     6 |       ||     6
